 Dungeon Crawl Stone Soup version 0.29.1-15-g9cfb28693d (webtiles) character file.

Game seed: 17839892203614842969

13 croobank the Sneak (level 2, 0/21 HPs)
             Began as an Octopode Delver on Mar 15, 2023.
             Slain by an orc
             ... wielding a +0 whip
              (2 damage)
             ... on level 4 of the Dungeon.
             The game lasted 00:01:06 (286 turns).

croobank the Sneak (Octopode Delver)                 Turns: 286, Time: 00:01:07

Health: 0/21       AC:  1    Str: 11    XL:     2   Next: 37%
Magic:  2/2        EV: 13    Int: 12    God:
Gold:   0          SH:  0    Dex: 13    Spells: 1/1 levels left

rFire   . . .      SeeInvis .     - Unarmed
rCold   . . .      Faith    .   (no shield)
rNeg    . . .      Spirit   .   (helmet restricted)
rPois   .          Reflect  .   (no amulet)
rElec   .          Harm     .   (no ring)
rCorr   .          Rampage  .   (no ring)
Will    .....                   (no ring)
Stlth   ++++......              (no ring)
HPRegen 0.07/turn               (no ring)
MPRegen 0.08/turn               (no ring)
                                (no ring)
                                (no ring)

@: no status effects
A: almost no armour, amphibious, 8 rings, camouflage 1, gelatinous body 1,
(nimble swimmer 1), tentacles
a: no special abilities


You were on level 4 of the Dungeon.
You visited 1 branch of the dungeon, and saw 3 of its levels.

Inventory:

Wands
 e - a wand of digging (2)
Scrolls
 a - a scroll of fog


   Skills:
 + Level 3.1 Fighting
 + Level 2.2 Dodging
 + Level 6.8 Stealth
 + Level 2.2 Unarmed Combat


You had one spell level left.
You didn't know any spells.
Your spell library contained the following spells:

 Spells                   Type           Power      Damage    Failure   Level
 Summon Guardian Golem    Hex/Summ       0%         N/A       69%         3
 Orb of Destruction       Conj           0%         9d5       100%        7
 Spellforged Servitor     Conj/Summ      0%         N/A       100%        7


Dungeon Overview and Level Annotations

Branches:
Dungeon (6/15)
 Temple: D:4-7

Altars:


Innate Abilities, Weirdness & Mutations

You cannot wear most types of armour.
You are amphibious.
You can wear up to eight rings at the same time.
Your skin changes colour to match your surroundings (Stealth+).
Your rubbery body absorbs attacks. (AC +1, EV +1)
((You are camouflaged when in or above water. (Stealth+)))
You have tentacles for arms and can constrict up to eight enemies at once.


Message History

The orc hits you with a +0 short sword.
You tentacle-slap the orc but do no damage.
The orc is moderately wounded.
You constrict the orc. The orc misses you.
You tentacle-slap the orc.
The orc is heavily wounded.
You constrict the orc.
You kill the orc!
You start resting.
An orc comes into view. It is wielding a +0 trident.
An orc is nearby!
An orc comes into view. It is wielding a +0 whip.
The orc hits you with a +0 trident.
Items here: ( ) [ †.
The orc shouts!
You tentacle-slap the orc. Your grab misses the orc.
Your squeeze misses the orc.
The orc is lightly wounded.
The orc hits you with a +0 trident.
You tentacle-slap the orc. Your grab misses the orc.
The orc is almost dead.
The orc closely misses you.
You closely miss the orc. You grab the orc.
The orc is almost dead.
You constrict the orc.
You kill the orc!
You barely miss the orc. Your grab misses the orc. You tentacle-slap the orc.
The orc is severely wounded.
The orc hits you with a +0 whip.
You tentacle-slap the orc. Your grab misses the orc.
Your squeeze misses the orc.
The orc is almost dead.
The orc hits you with a +0 whip.
* * * LOW HITPOINT WARNING * * *
You tentacle-slap the orc but do no damage.
You grab the orc. You squeeze the orc, but do no damage.
The orc is almost dead.
You constrict the orc, but do no damage.
The orc hits you with a +0 whip.
You die...

## . .# . #
.# #.#. .#
#.#.### .#
.....# .#
#.#.#.###o#
#.......@.#
.....#>#####
........#
###...###
##.# #. #


You could see an orc.

Vanquished Creatures
  An adder (D:6)
  2 orcs (D:4)
3 creatures vanquished.

Notes
Turn   | Place    | Note
-------+----------+-------------------------------------------
     0 | D:5      | croobank the Octopode Delver began the quest for the Orb.
     0 | D:5      | Reached XP level 1. HP: 16/16 MP: 1/1
     1 | D:6      | Noticed a hound
    11 | D:6      | Reached XP level 2. HP: 17/21 MP: 2/2
    27 | D:6      | Noticed a bullfrog
    28 | D:6      | Noticed an ogre
    59 | D:5      | Noticed a scorpion
   286 | D:4      | Slain by an orc

Illustrated notes

Levels and vault maps discovered:
D:4:      layout_loops_corners, kennysheep_mini_moat, serial_shops,
          nicolae_shop_hallway_plus
D:5:      layout_rooms, minmay_between
D:6:      layout_basic, grunt_decor_arrowhead, minmay_tree_intersection,
          minmay_misc_feat_rows

Action                   || total
-------------------------++-------
Melee: Unarmed           ||    17
       Constrict         ||     4
       Tentacles         ||     3
       Punch             ||     1
Evoke: Wand              ||     1
  Use: Scroll            ||     2
       Potion            ||     1
Dodge: Dodged            ||     8
